 Dungeon Crawl Stone Soup version 0.22-a0-293-gc9362ec (webtiles) character file.

83 medis the Cutter (level 4, 0/29 HPs)
             Began as a Halfling Skald on Mar 24, 2018.
             Slain by an orc priest
             ... wielding a +0 dagger
              (2 damage)
             ... on level 4 of the Dungeon.
             The game lasted 00:06:21 (2569 turns).

medis the Cutter (Halfling Skald)                   Turns: 2569, Time: 00:06:22

Health: 0/29       AC:  3    Str: 12    XL:     4   Next: 71%
Magic:  6/6        EV: 14    Int: 12    God:
Gold:   125        SH:  0    Dex: 13    Spells: 5/6 levels left

rFire    . . .     SeeInvis .   a - +0 dagger (venom)
rCold    . . .     Gourm    .   (shield restricted)
rNeg     . . .     Faith    .   b - +0 leather armour
rPois    .         Spirit   .   (no helmet)
rElec    .         Reflect  .   (no cloak)
rCorr    .         Harm     .   (no gloves)
MR       .....                  (no boots)
Stlth    ++........             (no amulet)
HPRegen  0.09/turn              (no ring)
MPRegen  0.10/turn              (no ring)

@: no status effects
A: small, mutation resistance 1
a: no special abilities


You were on level 4 of the Dungeon.
You were not hungry.

You visited 1 branch of the dungeon, and saw 4 of its levels.

You collected 125 gold pieces.

Inventory:

Hand Weapons
 a - a +0 dagger of venom (weapon)
 e - a +0 short sword
Armour
 b - a +0 leather armour (worn)
 l - +0 storm dragon scales
Jewellery
 f - an uncursed ring of ice
 p - a +3 ring of protection {unknown}
Scrolls
 g - 6 scrolls of identify {unknown}
 h - a scroll of amnesia {unknown}
 i - a scroll of enchant armour {unknown}
 n - a scroll of noise {unknown}
 q - 2 scrolls of remove curse {unknown}
Potions
 c - 4 potions of curing
 k - 2 potions of heal wounds {unknown}
 m - a potion of magic {unknown}
 o - 2 potions of invisibility {unknown}
Comestibles
 d - 8 rations
 j - a chunk of flesh


   Skills:
 - Level 1.7 Fighting
 * Level 4.7 Short Blades
 - Level 1.1 Armour
 - Level 2.1 Dodging
 + Level 2.5 Stealth
 - Level 1.5 Spellcasting
 - Level 3.2 Charms


You had 5 spell levels left.
You knew the following spells:

 Your Spells              Type           Power        Failure   Level  Hunger
a - Infusion              Chrm           #...         10%         1    ##.....


Dungeon Overview and Level Annotations

Branches:
Dungeon (4/15)
 Temple: D:4-7

Altars:

Annotations:
D:3 grizmgrazm2's ghost, amateur DsNe


Innate Abilities, Weirdness & Mutations

You are small and have problems with some larger weapons.
You are somewhat resistant to further mutation.


Message History

* * * LOW HITPOINT WARNING * * *
The orc priest hits you but does no damage.
You barely miss the orc priest.
The orc priest is moderately wounded.
The orc hits you with a war axe.
* * * LOW HITPOINT WARNING * * *
The orc barely misses you.
You hit the orc priest but do no damage.
The orc priest is moderately wounded.
The orc priest hits you but does no damage.
The orc closely misses you.
You hit the orc priest.
The orc priest is moderately wounded.
The orc completely misses you. The orc priest closely misses you.
You closely miss the orc priest.
The orc priest is moderately wounded.
The orc barely misses you. The orc hits you with a war axe.
* * * LOW HITPOINT WARNING * * *
The orc priest hits you with a dagger.
You die...

a.#..........#
...#..........#
?.............# .
...#..........#..
%..?...........
#......./..#
#..w..h....#
#...hooo...#
#..#####@..###
###.# .# .# #


You could see an orc priest, a dart slug, 2 orcs and 2 jackals.

Vanquished Creatures
  An adder (D:2)
  An ooze (D:3)
  2 worms
  2 leopard geckos
  8 orcs (D:3)
  4 giant cockroaches (D:3)
  9 hobgoblins
  3 quokkas
  3 ball pythons
  5 bats
  2 frilled lizards
  2 goblins
  5 kobolds
  3 rats
50 creatures vanquished.

Notes
Turn   | Place    | Note
-------+----------+-------------------------------------------
     0 | D:1      | medis the Halfling Skald began the quest for the Orb.
     0 | D:1      | Reached XP level 1. HP: 14/14 MP: 3/3
   246 | D:1      | Reached XP level 2. HP: 19/19 MP: 4/4
   249 | D:1      | Reached skill level 3 in Short Blades
   249 | D:1      | Reached skill level 1 in Stealth
  1028 | D:2      | Reached XP level 3. HP: 23/24 MP: 5/5
  1321 | D:2      | Reached skill level 4 in Short Blades
  1786 | D:3      | Reached XP level 4. HP: 29/29 MP: 6/6
  2081 | D:3      | Noticed grizmgrazm2's ghost (amateur DsNe)
  2569 | D:4      | Slain by an orc priest

Vault maps used:
D:1:      dpeg_arrival_shelter, roderic_cross_of_infinity,
          minmay_shallow_snake_nest
D:2:      wad_crossroads, small_statue_intersection
D:3:      cheibrodos_greedy_goblins, first_ration
D:4:      minmay_temple_entry_glass, uniq_robin, uniq_duvessa, uniq_edmund,
          uniq_pikel

Skill      XL: |  1  2  3 |
---------------+----------+-----
Short Blades   | 3 4 |  4.7
Stealth        | 1 2 |  2.5
Fighting       | |  1.7
Armour         | |  1.1
Dodging        | |  2.1
Spellcasting   | |  1.5
Charms         | |  3.2

Action                   |  1- 3 |  4- 6 || total
-------------------------+-------+-------++-------
Melee: Short sword       |    50 |       ||    50
       Dagger            |    60 |    81 ||   141
 Cast: Infusion          |     2 |       ||     2
  Use: Potion            |     2 |       ||     2
 Stab: Sleeping          |     2 |     2 ||     4
  Eat: Chunk             |     3 |     2 ||     5
Armor: Leather armour    |    24 |     9 ||    33
Dodge: Dodged            |    98 |    47 ||   145

Table legend:
 A = Spawn XP
 B = Non-spawn XP
 C = Spawn XP percentage of total XP
 D = Spawn monster count
 E = Non-spawn monster count
 F = Spawn count percentage of total count
 G = Total turns spent on level
                    A         B        C        D         E        F      G
               +---------+---------+-------+---------+---------+-------+---------
         Total |       0 |     119 |   0.0 |       0 |      50 |   0.0 |  2569
               +---------+---------+-------+---------+---------+-------+---------
           D:1 |       0 |      24 |   0.0 |       0 |      15 |   0.0 |   964
           D:2 |       0 |      42 |   0.0 |       0 |      15 |   0.0 |   796
           D:3 |       0 |      53 |   0.0 |       0 |      20 |   0.0 |   799
               +---------+---------+-------+---------+---------+-------+---------
